Map: [ESL] Equilibrium

Players

Serral - Winner!

  • Race: Zerg Zerg
  • Spawn Location: 1:00

Oliveira

  • Race: Terran Terran
  • Spawn Location: 11:00

Event: ESL SC2 Masters 2023 Winter (Finals)

VOD

Have the link to the VOD?

Description

Time

  • Played on: Dec. 16, 2023, 7:03 p.m.
  • Length: 5:00

All games in this series

Show
View Real Time Build Order
Export as new Build Order

Serral Zerg - Winner!

Build Orders: Hatch First, Zergling Baneling 

Get SALT Encoding   

  12  0:00  Drone  
  13  0:12  Overlord  
  13  0:16  Drone  
  14  0:30  Drone x2  
  16  0:47  Hatchery  
  15  0:50  Drone  
  15  0:54  Drone  
  17  0:57  Drone  
  18  1:08  Extractor  
  17  1:12  Spawning Pool  
  17  1:16  Drone  
  17  1:19  Drone  
  18  1:28  Drone  
  19  1:43  Drone  
  20  1:59  Queen x2  
  20  2:00  Zergling x2  
  20  2:01  Zergling x4  
  27  2:08  Metabolic Boost  
  27  2:10  Overlord  
  27  2:11  Zergling x2  
  27  2:30  Zergling x4  
  27  2:32  Zergling x4, Baneling Nest  
  30  2:44  Zergling x4  
  32  2:56  Overlord  
  32  3:07  Zergling x8  
  36  3:15  Zergling x10  
  41  3:21  Zergling x2  
  42  3:31  Baneling x5  
  42  3:38  Zergling x4  
  44  3:42  Overlord  
  44  3:48  Baneling x3  
  44  3:54  Baneling  
  41  4:03  Zergling x8  
  41  4:07  Zergling x4  
  40  4:12  Zergling x2  
  38  4:18  Drone x2  
  38  4:23  Drone  
  36  4:24  Drone  
  36  4:27  Drone  
  36  4:31  Drone  
  38  4:36  Drone  
  39  4:43  Drone  
  39  4:44  Drone x2  
  43  4:45  Drone  
  43  4:47  Drone  
Show
View Real Time Build Order
Export as new Build Order

Oliveira Terran 

Build Orders: Liberator Opening, Reaper Expand 

Get SALT Encoding   

  12  0:00  SCV  
  13  0:12  SCV  
  14  0:18  Supply Depot  
  14  0:24  SCV  
  15  0:39  SCV  
  15  0:41  Barracks  
  16  0:47  Refinery  
  16  0:51  SCV  
  17  1:03  SCV  
  18  1:16  SCV  
  19  1:28  Orbital Command  
  19  1:30  Reaper  
  20  1:42  Command Center  
  20  1:53  Supply Depot  
  20  1:54  SCV  
  21  2:00  Bunker  
  21  2:03  Marine  
  21  2:06  SCV  
  23  2:16  Factory  
  23  2:18  SCV  
  24  2:30  Refinery  
  24  2:31  SCV  
  25  2:43  SCV  
  26  2:48  Command Center  
  26  2:55  SCV  
  26  2:56  Orbital Command  
  27  3:01  Factory Reactor  
  27  3:08  Starport  
  27  3:11  SCV  
  28  3:23  SCV  
  28  3:24  SCV  
  30  3:31  Barracks Tech Lab  
  30  3:35  SCV  
  30  3:36  SCV  
  30  3:38  Hellion x2  
  36  3:47  SCV  
  36  3:48  Liberator, Engineering Bay  
  37  3:55  Marauder  
  42  3:59  Hellion  
  30  4:18  Hellion, SCV  
  30  4:23  SCV x2  
  17  4:33  SCV  
  18  4:40  Factory Reactor  
  18  4:41  SCV  
  19  4:47  SCV  
Tags
 
Add a new tag
Caveats
  • Supply blocks, unpowered buildings, or Contaminate may cause inaccurate times.
  • Supply counts are checked every 10 seconds.